 Dungeon Crawl Stone Soup version 0.29.0-4-gdea44cf6ec (webtiles) character file.

Game seed: 1530510088713315228

79 qw the Chopper (level 4, -2/26 HPs)
             Began as a Tengu Warper on Aug 28, 2022.
             Slain by Terence
             ... wielding a +0 flail
              (9 damage)
             ... on level 3 of the Dungeon.
             The game lasted 00:00:15 (3787 turns).

qw the Chopper (Tengu Warper)                       Turns: 3787, Time: 00:00:15

Health: -2/26      AC:  6    Str: 14    XL:     4   Next: 37%
Magic:  8/8        EV: 11    Int: 13    God:
Gold:   97         SH:  0    Dex: 13    Spells: 7/7 levels left

rFire   . . .      SeeInvis .   Y - +0 hand axe
rCold   . . .      Faith    .   (no shield)
rNeg    . . .      Spirit   .   f - +0 ring mail
rPois   .          Reflect  .   (helmet restricted)
rElec   .          Harm     .   (no cloak)
rCorr   .          Rampage  .   d - +0 pair of gloves
Will    .....                   (boots unavailable)
Stlth   +.........              (no amulet)
HPRegen 0.08/turn               (no ring)
MPRegen 0.11/turn               (no ring)

@: no status effects
A: beak, talons 3
a: no special abilities


You were on level 3 of the Dungeon.
You visited 1 branch of the dungeon, and saw 3 of its levels.

You collected 97 gold pieces.


Innate Abilities, Weirdness & Mutations

You have a beak for a mouth.
You have claws for feet.


   Skills:
 - Level 2.0 Fighting
 + Level 4.9 Axes
 - Level 1.0 Throwing
 - Level 1.1 Armour
 - Level 2.1 Dodging
 - Level 2.0 Spellcasting
 - Level 2.4 Translocations


You had 7 spell levels left.
You didn't know any spells.
Your spell library contained the following spells:

 Spells                   Type           Power      Damage    Failure   Level
 Blink                    Tloc           14%        N/A       30%         2
 Gell's Gravitas          Tloc           7%         N/A       52%         3
 Lesser Beckoning         Tloc           7%         N/A       52%         3
 Teleport Other           Tloc           7%         N/A       52%         3
 Manifold Assault         Tloc           7%         N/A       99%         5

Inventory:

Hand Weapons
 j - a +0 whip
 Y - a +0 hand axe (weapon)
Missiles
 m - 3 javelins (quivered)
Armour
 d - a +0 pair of gloves (worn)
 f - a +0 ring mail (worn)
Potions
 a - a potion of might {unknown}
 b - a potion of invisibility {unknown}
 e - a potion of heal wounds {unknown}
 g - 2 potions of curing
 h - a potion of magic {unknown}
 i - a potion of flight {unknown}
 k - a potion of brilliance {unknown}
 l - a potion of mutation {unknown}

Dungeon Overview and Level Annotations

Branches:
Dungeon (3/15)

Altars:
Zin

Annotations:
D:3 Terence


Message History

3763 ||| READING scroll labelled LAOCEMUITHRE.
As you read the scroll labelled LAOCEMUITHRE, it crumbles to dust.
The air around you briefly surges with heat, but it dissipates.
It was a scroll of immolation.
Done exploring.
3764 ||| READING scroll labelled ECOORU ZACOOWK.
As you read the scroll labelled ECOORU ZACOOWK, it crumbles to dust.
You assume a fearsome visage.
Nothing appears to happen.
It was a scroll of fear.
Done exploring.
3765 ||| DROPPING 2 scrolls of amnesia.
You drop 2 scrolls of amnesia.
Done exploring.
(D) Dungeon
Where to? (* - list waypoints, Enter - D:2, ? - help)
What level of the Dungeon? (default 1, ? - help)
There is a stone staircase leading down here.
You climb downwards.
There is a stone staircase leading up here.
Existing waypoints: (1) D:2 (2) D:1 Assign waypoint to what number? (0-9, D - delete waypoint) Waypoint 2 re-assigned from D:1 to D:3.
Terence the Incautious comes into view.
He is wielding a +0 flail and carrying a wand of roots (13).
Terence shouts!
Terence closely misses you.
You closely miss Terence. Terence hits you with a +0 flail!
You hit Terence.
Terence is lightly wounded.
Terence hits you with a +0 flail.
You barely miss Terence.
Terence is lightly wounded.
Terence hits you with a +0 flail!
You barely miss Terence.
Terence is lightly wounded.
Terence barely misses you.
You hit Terence but do no damage.
Terence is lightly wounded.
Terence hits you with a +0 flail!
You die...

#. #.# # #.#
. ... #. #.#
##.##.#
..#...#.####
...........#
.#...#@##.#
## #@##.#
#.##<#
#.##.#
#.##.#
..##..
######


You could see Terence.

Vanquished Creatures
  2 adders (D:2)
  2 worms (D:2)
  4 dart slugs
  7 ball pythons
  2 bats (D:1)
  3 endoplasms
  3 giant cockroaches
  5 goblins
  2 hobgoblins (D:2)
  3 jackals (D:1)
  3 kobolds
  A quokka (D:1)
  2 frilled lizards (D:2)
  2 rats
41 creatures vanquished.

Vanquished Creatures (others)
  4 plants (D:1)
4 creatures vanquished.

Grand Total: 45 creatures vanquished

Notes
Turn   | Place    | Note
-------+----------+-------------------------------------------
     0 | D:1      | qw the Tengu Warper began the quest for the Orb.
     0 | D:1      | Reached XP level 1. HP: 12/12 MP: 4/4
     0 | D:1      | 0 ||| qw: Version: 0.1-a-89-g26bdef1
     0 | D:1      | 0 ||| qw: Game counter: 2518
     0 | D:1      | 0 ||| qw: Always use a shield: true
     0 | D:1      | 0 ||| qw: God list: Okawaru
     0 | D:1      | 0 ||| qw: Allow faded altars: false
     0 | D:1      | 0 ||| qw: Do Orc after D:15 true
     0 | D:1      | 0 ||| qw: Do second Lair branch before Depths: true
     0 | D:1      | 0 ||| qw: Lair rune preference: random
     0 | D:1      | 0 ||| qw: Plans: Normal
     0 | D:1      | 0 ||| PLANNING D:1-11
    26 | D:1      | 26 ||| Stepping ~*~*~tactically~*~*~ (hiding).
   128 | D:1      | 128 ||| Stepping ~*~*~tactically~*~*~ (hiding).
   230 | D:1      | 230 ||| Stepping ~*~*~tactically~*~*~ (hiding).
   332 | D:1      | 332 ||| Stepping ~*~*~tactically~*~*~ (hiding).
   545 | D:1      | Reached XP level 2. HP: 17/17 MP: 6/6
   649 | D:1      | 649 ||| Stepping ~*~*~tactically~*~*~ (stealth).
   652 | D:1      | Reached skill level 3 in Axes
   660 | D:1      | 660 ||| Stepping ~*~*~tactically~*~*~ (stealth).
   662 | D:1      | 662 ||| Stepping ~*~*~tactically~*~*~ (stealth).
   664 | D:1      | 664 ||| Stepping ~*~*~tactically~*~*~ (stealth).
   682 | D:1      | 682 ||| Stepping ~*~*~tactically~*~*~ (stealth).
   704 | D:1      | 704 ||| Stepping ~*~*~tactically~*~*~ (stealth).
   747 | D:1      | HP: 3/17 [quokka (2)]
  1051 | D:1      | 1051 ||| Stepping ~*~*~tactically~*~*~ (stealth).
  1283 | D:1      | 1283 ||| DROPPING +0 club.
  1308 | D:1      | Reached XP level 3. HP: 21/21 MP: 7/7
  1331 | D:1      | 1331 ||| Stepping ~*~*~tactically~*~*~ (hiding).
  1433 | D:1      | 1433 ||| Stepping ~*~*~tactically~*~*~ (hiding).
  1541 | D:1      | 1541 ||| Stepping ~*~*~tactically~*~*~ (hiding).
  1643 | D:1      | 1643 ||| Stepping ~*~*~tactically~*~*~ (hiding).
  1745 | D:1      | 1745 ||| Stepping ~*~*~tactically~*~*~ (hiding).
  1847 | D:1      | 1847 ||| Stepping ~*~*~tactically~*~*~ (hiding).
  1949 | D:1      | 1949 ||| Stepping ~*~*~tactically~*~*~ (hiding).
  2021 | D:1      | Reached skill level 4 in Axes
  2177 | D:1      | 2177 ||| Stepping ~*~*~tactically~*~*~ (stealth).
  2252 | D:1      | 2252 ||| UPGRADING to +0 ring mail.
  2262 | D:1      | 2262 ||| DROPPING +0 leather armour.
  2263 | D:1      | 2263 ||| READING scroll labelled VESICI CIMIPS.
  2264 | D:1      | 2264 ||| DROPPING scroll of blinking.
  2294 | D:2      | 2294 ||| Stepping ~*~*~tactically~*~*~ (stealth).
  2360 | D:2      | 2360 ||| Stepping ~*~*~tactically~*~*~ (stealth).
  2403 | D:2      | 2403 ||| FLEEEEING.
  2404 | D:2      | 2404 ||| FLEEEEING.
  2405 | D:2      | 2405 ||| FLEEEEING.
  2406 | D:2      | 2406 ||| FLEEEEING.
  2407 | D:2      | 2407 ||| FLEEEEING.
  2423 | D:2      | 2423 ||| FLEEEEING.
  2427 | D:2      | 2427 ||| STAIRDANCE
  2522 | D:1      | 2522 ||| DRINKING 3 viscous brown potions.
  2525 | D:2      | 2525 ||| Stepping ~*~*~tactically~*~*~ (hiding).
  2626 | D:2      | 2626 ||| Stepping ~*~*~tactically~*~*~ (stealth).
  2632 | D:2      | 2632 ||| Stepping ~*~*~tactically~*~*~ (stealth).
  2644 | D:2      | 2644 ||| Stepping ~*~*~tactically~*~*~ (stealth).
  2818 | D:2      | Reached XP level 4. HP: 10/26 MP: 8/8
  3353 | D:2      | Found a faded altar of an unknown god.
  3571 | D:2      | Found a glowing silver altar of Zin.
  3757 | D:2      | 3757 ||| UPGRADING to +0 pair of gloves.
  3762 | D:2      | 3762 ||| READING 3 scrolls labelled QISHRA KENUE.
  3763 | D:2      | 3763 ||| READING scroll labelled LAOCEMUITHRE.
  3764 | D:2      | 3764 ||| READING scroll labelled ECOORU ZACOOWK.
  3765 | D:2      | 3765 ||| DROPPING 2 scrolls of amnesia.
  3781 | D:3      | Noticed Terence
  3785 | D:3      | HP: 6/26 [Terence/+0 flail (8)]
  3787 | D:3      | Slain by Terence

Levels and vault maps discovered:
D:1:      scummos_arrival_hexagon, layout_loops_ring, serial_forest,
          infiniplex_forest_lined_room_, infiniplex_forest_clump_small,
          infiniplex_forest_lined_2, infiniplex_forest_zigzag_2,
          infiniplex_forest_fountain, infiniplex_forest_clump_tiny,
          infiniplex_forest_join
D:2:      layout_basic, shapermc_ecumenical_altar_venn, serial_rivers,
          chequers_serial_rivers_micro_c, chequers_serial_rivers_micro_b,
          chequers_serial_rivers_room_a, chequers_serial_rivers_micro_a,
          chequers_serial_rivers_micro_c, chequers_serial_rivers_micro_c,
          basic_altar, dk_noncrumbling_3, kennysheep_generic_room_10
D:3:      layout_loops_ring, minmay_shallow_snake_nest, uniq_terence,
          uniq_natasha

Skill      XL: |  1  2  3 |
---------------+----------+-----
Axes           | 3 4 |  4.9
Fighting       | |  2.0
Throwing       | |  1.0
Armour         | |  1.1
Dodging        | |  2.1
Spellcasting   | |  2.0
Translocations | |  2.4

Action                   |  1- 3 |  4- 6 || total
-------------------------+-------+-------++-------
Melee: Hand axe          |    91 |    25 ||   116
       Kick              |    19 |     3 ||    22
       Peck              |    11 |     5 ||    16
Throw: Boomerang         |     7 |       ||     7
       Javelin           |       |     8 ||     8
  Use: Scroll            |     1 |     3 ||     4
       Potion            |     1 |       ||     1
Armor: Leather armour    |    13 |       ||    13
       Ring mail         |     5 |     4 ||     9
Dodge: Dodged            |    47 |    10 ||    57

Table legend:
 A = Non-vault XP
 B = Vault XP
 C = Vault XP percentage of total XP
 D = Non-vault monster count
 E = Vault monster count
 F = Vault count percentage of total count
                 A         B        C        D         E       F
            +---------+---------+-------+---------+---------+-------
      Total |     111 |       2 |   1.8 |      40 |       1 |   2.4
            +---------+---------+-------+---------+---------+-------
        D:1 |      48 |       0 |   0.0 |      22 |       0 |   0.0
        D:2 |      63 |       2 |   3.1 |      18 |       1 |   5.3
            +---------+---------+-------+---------+---------+-------
